 Dungeon Crawl Stone Soup version 0.21-a0-88-g13b9641 (console) character file.

6 bli the Sneak (level 1, 0/17 HPs)
             Began as a Gnoll Wanderer on June 26, 2017.
             Slain by a hobgoblin
             ... wielding a +0 club
              (3 damage)
             ... on level 1 of the Dungeon.
             The game lasted 00:02:42 (198 turns).

bli the Sneak (Gnoll Wanderer)                       Turns: 198, Time: 00:02:43

Health: 0/17       AC:  2    Str:  7    XL:     1   Next: 90%
Magic:  3/3        EV: 12    Int: 15    God:
Gold:   6          SH:  0    Dex: 14    Spells: 3/3 levels left

rFire    . . .     SeeInvis .   c - +0 spear
rCold    . . .     Gourm    .   (no shield)
rNeg     . . .     Faith    .   d - +0 robe
rPois    .         Spirit   .   (no helmet)
rElec    .         Reflect  .   (no cloak)
rCorr    .         Harm     .   (no gloves)
MR       .....                  (no boots)
Stlth    +++.......             (no amulet)
HPRegen  0.05/turn              (no ring)
MPRegen  0.08/turn              (no ring)

@: no status effects
A: short attention span, fangs 1, strong nose
a: no special abilities


You were on level 1 of the Dungeon.
You were not hungry.

You visited 1 branch of the dungeon, and saw 1 of its levels.

You collected 6 gold pieces.

Inventory:

Hand Weapons
 c - a +0 spear (weapon)
 e - a +0 dagger
Armour
 d - a +0 robe (worn)
Scrolls
 g - 2 scrolls of teleportation {unknown}
 j - a scroll of identify {unknown}
Potions
 i - a potion of ambrosia {unknown}
 l - a potion of agility {unknown}
Books
 a - a book of Callings

   Spells                             Type                      Level
   a - Summon Small Mammal            Summoning                    1
   b - Call Imp                       Summoning                    2
   c - Call Canine Familiar           Summoning                    3
   d - Summon Guardian Golem          Hexes/Summoning              3
   e - Summon Lightning Spire         Summoning/Air                4
   f - Summon Ice Beast               Ice/Summoning                4
 b - the Tome of Arcane Weapons

   Spells                             Type                      Level
   a - Flame Tongue                   Conjuration/Fire             1
   b - Stone Arrow                    Conjuration/Earth            3
Comestibles
 f - a bread ration
 h - a chunk of flesh
 k - a royal jelly


   Skills:
 * Level 2.4 Fighting
 + Level 2.1 Polearms
 * Level 1.9 Dodging
 - Level 6.0 Stealth
 + Level 1.9 Spellcasting
   Level 3.2 Summonings


You had 3 spell levels left.
You didn't know any spells.

Dungeon Overview and Level Annotations

Branches:
Dungeon (1/15)

Altars:


Innate Abilities, Weirdness & Mutations

You have a short attention span.
You have very sharp teeth.
Your uncanny sense of smell can sniff out nearby items.


Message History

The hobgoblin hits you with a club.
You see here a kobold corpse.
You closely miss the hobgoblin. The hobgoblin completely misses you.
You hit the hobgoblin. Your bite misses the hobgoblin.
The hobgoblin is heavily wounded.
The hobgoblin closely misses you.
You hit the hobgoblin but do no damage.
The hobgoblin is heavily wounded.
The goblin hits you.
You closely miss the hobgoblin.
The hobgoblin is heavily wounded.
The hobgoblin barely misses you. The goblin hits you.
You closely miss the hobgoblin.
The hobgoblin is heavily wounded.
The hobgoblin hits you with a club. The goblin hits you.
* * * LOW HITPOINT WARNING * * *
You closely miss the hobgoblin.
The hobgoblin is heavily wounded.
The hobgoblin hits you with a club.
You die...

##.##.......##..
##.#.##.....## #.#
#.###.#.....# .
##.#.##.....#
#......######
#.#.##.# ##
#.#.##.## #.##
#.#.....# #...##
#.####..# #.....#
#...†...####g......
#######....@g......
######.......
#.....# #...## #.##
##


You could see a hobgoblin and a goblin.

Vanquished Creatures
  A leopard gecko (D:1)
  A goblin (D:1)
  A hobgoblin (D:1)
  A bat (D:1)
  A kobold (D:1)
5 creatures vanquished.

Notes
Turn   | Place    | Note
-------+----------+-------------------------------------------
     0 | D:1      | bli the Gnoll Wanderer began the quest for the Orb.
     0 | D:1      | bli set off with: a book of Callings, the Tome of Arcane Weapons, a +0 spear, a +0 robe, a +0 dagger, a bread ration
     0 | D:1      | Reached XP level 1. HP: 16/16 MP: 3/3
     0 | D:1      | Identified the Tome of Arcane Weapons
    34 | D:1      | Reached skill level 6 in Stealth
   198 | D:1      | Slain by a hobgoblin

Vault maps used:
D:1:      saegor_arrival_simple_a

Skill      XL: |  1 |
---------------+----+-----
Stealth        | 6 |  6.0
Fighting       | 2 |  2.4
Polearms       | 2 |  2.1
Dodging        | |  1.9
Spellcasting   | |  1.9
Summonings     | |  3.2

Action                   || total
-------------------------++-------
Melee: Spear             ||    15
       Bite              ||     1
 Stab: Sleeping          ||     3
Dodge: Dodged            ||     6
